Unix NetHack Version 5.0.0-0 post-release - last build May  4 2026 22:22:43 (774f63e81ad911689b3a0859ea89b322d5daca8d,branch:main).

Game began 2026-05-07 02:08:56, ended 2026-05-07 02:15:55.

Ackbladder, neutral female human Wizard

                         -----
                       ##-...|
                       # |...|
         --------      # |...|
         |%!!m=)|      # |..<|
         |])[@([|      # -+---
         |.@....|      #
         --+-----     ##
           #####      #
               ####   #
                  #   #
             -----|---#
             |.......|#
             |.......|#
             |........#
             |.......|
             ----.----

Ackbladder the Conjurer   St:12 Dx:14 Co:14 In:18 Wi:9 Ch:7  Neutral
Dlvl:4  $:64 HP:0(29) Pw:31(31) AC:9  Xp:3 T:1320  Fainted  Deaf

Latest messages:
 You find a hidden passage.
 You swap places with your kitten.
 You are beginning to feel hungry.
 The door opens.
 You swap places with the peaceful acid blob.
 You see here 54 rocks.
 You descend the stairs.
 You climb up the stairs.
 Where do you want to travel to?
 (For instructions type a '?')
 You swap places with your kitten.
 You descend the stairs.
 You see here 4 gold pieces.
 $ - 4 gold pieces (64 in total).
 Wizard needs food, badly!
 This door is locked.
 This door is locked.
 This door is locked.
 This door is locked.
 This door is locked.
 This door is locked.
 In what direction? 4
 As you kick the door, it crashes open!
 You hear a door open.
 "Hello, Ackbladder!  Welcome to Budereyri's general store!"
 In what direction? 2
 The door closes.
 You see here a rusty chain mail (for sale, 143 zorkmids).
 You see here a scroll labeled KO BATE (for sale, 150 zorkmids).
 You see here a rusty chain mail (for sale, 143 zorkmids).
 You see here a hilted polearm (for sale, 54 zorkmids).
 You see here 2 slime molds (for sale, 154 zorkmids).
 You see here a potion of invisibility (for sale, 225 zorkmids).
 You see here a milky potion (for sale, 225 zorkmids).
 That conical hat is a small mimic!
 You see here a scroll labeled KO BATE (for sale, 150 zorkmids).
 You are too hungry to cast that spell.
 You hit the small mimic!
 You are too hungry to cast that spell.
 You hit the small mimic.
 The small mimic hits!
 You are too hungry to cast that spell.
 You faint from lack of food.
 The small mimic hits!
 The small mimic hits!
 The small mimic hits!
 You die...
 Budereyri gratefully inherits all your possessions.
 Do you want to see what you had when you died? [ynq] (y) y
 Do you want to see your attributes? [ynq] (y) q

Inventory:
 Coins    ('$')
  $ - 64 gold pieces
 Weapons  (')')
  a - a blessed +1 quarterstaff (weapon in hands)
 Armor    ('[')
  b - an uncursed +0 cloak of magic resistance (being worn)
 Comestibles  ('%')
  t - 3 uncursed food rations
 Scrolls  ('?')
  i - an uncursed scroll of create monster
  x - a blessed scroll of enchant armor
  k - an uncursed scroll of enchant armor
  p - an uncursed scroll of food detection
  r - an uncursed scroll of identify
  w - a cursed scroll of magic mapping
  v - a blessed scroll of remove curse
  j - an uncursed scroll of remove curse
  s - an uncursed scroll of scare monster
 Spellbooks  ('+')
  l - a blessed spellbook of force bolt
  m - an uncursed spellbook of slow monster
  y - an uncursed spellbook of teleport away
 Potions  ('!')
  h - an uncursed potion of blindness
  g - an uncursed potion of booze
  z - an uncursed potion of healing
  f - an uncursed potion of invisibility
 Rings    ('=')
  e - an uncursed +1 ring of protection
  d - an uncursed ring of teleportation
 Wands    ('/')
  c - a wand of create monster (0:15)
 Tools    ('(')
  n - a magic marker (0:22)
  o - a cursed magic whistle

Ackbladder the Wizard's attributes:

Background:
 You were a Conjurer, a level 3 female human Wizard.
 You were neutral, nominally on a mission for Thoth
 who was opposed by Ptah (lawful) and Anhur (chaotic).
 You were right-handed.
 You were in the Dungeons of Doom, on level 4.
 You entered the dungeon 1320 turns ago.
 It was nighttime.
 You had 41 experience points, 39 more were needed to attain level 4.

Basics:
 You had 0 out of 29 hit points.
 You had all 31 energy points (spell power).
 Your armor class was 9.
 Your wallet contained 64 zorkmids.
 Autopickup was off.

Final Characteristics:
 Your strength was 12 (base:13, limit:18/100).
 Your dexterity was 14 (limit:18).
 Your constitution was 14 (limit:18).
 Your intelligence was 18 (limit:18).
 Your wisdom was 9 (limit:18).
 Your charisma was 7 (limit:18).

Final Status:
 You were deaf.
 You were fainted due to starvation.
 You were unencumbered.
 You were wielding a quarterstaff.
 You had basic skill with quarterstaff.

Final Attributes:
 You had transgressed.
 You were magic-protected.
 You were warded.
 You are dead.

Miscellaneous:
 You didn't encounter any bones levels.
 Total elapsed playing time was 6 minutes and 58 seconds.

Major events:
 Turn
    1: Ackbladder the neutral female human Wizard entered the dungeon
 1132: attained the rank of Conjurer (level 3)
 1236: entered the Gnomish Mines
 1320: killed by a small mimic, while fainted from lack of food

Spells:
 Name                 Level Category     Fail Retention
 force bolt             1   attack         0%  91%-100%
 slow monster           2   enchantment    0%  91%-100%

Skills:
 Fighting Skills
   bare handed combat [Unskilled]
   riding             [Unskilled]
 Weapon Skills
   dagger             [Unskilled]
   knife              [Unskilled]
   axe                [Unskilled]
   short sword        [Unskilled]
   club               [Unskilled]
   mace               [Unskilled]
   quarterstaff       [Basic]
   polearms           [Unskilled]
   spear              [Unskilled]
   trident            [Unskilled]
   sling              [Unskilled]
   dart               [Unskilled]
   shuriken           [Unskilled]
 Spellcasting Skills
   attack spells      [Basic]
   healing spells     [Unskilled]
   divination spells  [Unskilled]
   enchantment spells [Basic]
   clerical spells    [Unskilled]
   escape spells      [Unskilled]
   matter spells      [Unskilled]

Voluntary challenges:
 Character rerolling was not enabled.
 You were an atheist.
 You never genocided any monsters.
 You never polymorphed an object.
 You never changed form.
 You used no wishes.
Achievements:
 You attained the rank of Conjurer.
 You entered the Gnomish Mines.
 You entered a shop.

 The Dungeons of Doom: levels 1 to 4
    Level 1:
       A fountain.
    Level 2:
    Level 3:
       Some fountains.
       Stairs down to The Gnomish Mines.
    Level 4: <- You were here.
       A general store.
       Final resting place for
          you, killed by a small mimic, while fainted from lack of food.
 The Gnomish Mines:
    Level 4:


Vanquished creatures:
  a green mold
  3 geckos
  2 jackals
  a fox
  5 grid bugs
  a bat
  4 lichens
  a kobold zombie
  5 newts
23 creatures vanquished.

No species were genocided or became extinct.

Game over:
                       ----------
                      /          \
                     /    REST    \
                    /      IN      \
                   /     PEACE      \
                  /                  \
                  |    Ackbladder    |
                  |       0 Au       |
                  |   killed by a    |
                  |   small mimic    |
                  |                  |
                  |                  |
                  |       2026       |
                 *|     *  *  *      | *
        _________)/\\_//(\/(/\)/\//\/|_)_______

Goodbye Ackbladder the Wizard...

You died in The Dungeons of Doom on dungeon level 4 with 314 points,
and 0 pieces of gold, after 1320 moves.
You were level 3 with a maximum of 29 hit points when you died.

